 Dungeon Crawl Stone Soup version 0.20-a0-1089-g3fde505 (webtiles) character file.

226 Alarkh the Chopper (level 5, -1/41 HPs)
             Began as a Demonspawn Monk on May 3, 2017.
             Slain by Natasha (6 damage)
             ... on level 3 of the Dungeon.
             The game lasted 00:06:05 (4833 turns).

Alarkh the Chopper (Demonspawn Monk)                Turns: 4833, Time: 00:06:05

Health: -1/41      AC:  3    Str: 11    XL:     5   Next: 69%
Magic:  5/5        EV: 13    Int: 12    God:
Gold:   79         SH:  0    Dex: 16    Spells: 4/4 levels left

rFire    . . .     SeeInvis .   a - +0 hand axe
rCold    . . .     Gourm    .   (no shield)
rNeg     . . .     Faith    .   b - +0 robe
rPois    .         Spirit   .   o - +0 helmet
rElec    .         Reflect  .   (no cloak)
rCorr    .         Harm     .   (no gloves)
MR       .....                  (no boots)
Stlth    +++.......             (no amulet)
Regen    0.2/turn               k - ring of loudness (curse)
MPRegen  0.1/turn               (no ring)

@: about to teleport
A: nightstalker 2, powered by death 1
a: no special abilities


You were on level 3 of the Dungeon.
You were not hungry.

You visited 1 branch of the dungeon, and saw 4 of its levels.

You collected 79 gold pieces.

Inventory:

Hand Weapons
 a - a +0 hand axe (weapon)
Armour
 b - a +0 robe (worn)
 o - a +0 helmet (worn)
Jewellery
 k - a cursed ring of loudness (left hand)
Scrolls
 f - a scroll of teleportation
 g - 4 scrolls of amnesia
 h - 2 scrolls of remove curse {unknown}
 j - a scroll of identify
 l - a scroll of recharging {unknown}
Potions
 d - a potion of brilliance
 e - a potion of resistance {unknown}
Comestibles
 c - a bread ration
 i - a royal jelly
 m - a meat ration


   Skills:
 - Level 3.0 Fighting
 + Level 5.9 Axes
 - Level 2.6 Dodging
 - Level 1.7 Stealth


You had 4 spell levels left.
You didn't know any spells.

Dungeon Overview and Level Annotations

Branches:
Dungeon (4/15)
 Temple: D:4-7

Altars:
Dithmenos
Elyvilon
Ru

Annotations:
D:1 2 exclusions
D:2 1 runed door
D:3 Natasha
D:4 Shinoi's ghost, novice DsNe


Innate Abilities, Weirdness & Mutations

You are significantly more attuned to the shadows.
You regenerate a little health from kills.


Message History

Natasha is severely wounded.
Natasha misses you.
You hit Natasha.
Natasha is almost dead.
Natasha drinks a potion.
Natasha is healed!
You closely miss Natasha. Natasha closely misses you.
You barely miss the crimson imp. You closely miss Natasha. Natasha misses you.
The crimson imp hits you but does no damage.
You hit the crimson imp.
The crimson imp is lightly wounded.
You barely miss Natasha. Natasha claws you! The crimson imp hits you.
You are too injured to fight recklessly!
You hit Natasha.
Natasha is lightly wounded.
You closely miss the crimson imp. Natasha claws you!
* * * LOW HITPOINT WARNING * * *
The crimson imp blinks!
As you read the scroll of teleportation, it crumbles to dust.
You feel strangely unstable. Natasha claws you.
You die...

#.# #. ##.##.# #(# #####. #....#
##.# #.##.. .. ####.# ...# #.##.#
#.# #### #.##.##########.# #
#.##.........##.# #
#.##..######.##.####
##############[##..#### #.##....#
...........([))ยง@.....#
#.##.##.#
##############)h##.##.###.##.##.#
# #..##.##........##.# .
#............#####.# ##
##.##.#####>.......# #.##.#
##.####### #.##.# #.#
#.##........# #. ##########


You could see Natasha.

Vanquished Creatures
  An orc priest (D:3)
  Jessica (D:2)
  Terence (D:2)
  An orc wizard (D:3)
  Robin (D:3)
  2 adders
  3 worms
  A dart slug (D:2)
  A leopard gecko (D:1)
  11 orcs
  4 giant cockroaches
  19 goblins
  11 hobgoblins
  2 kobolds
  A quokka (D:2)
  11 bats
  4 frilled lizards
  9 rats
84 creatures vanquished.

Notes
Turn   | Place    | Note
-------+----------+-------------------------------------------
     0 | D:1      | Alarkh the Demonspawn Monk began the quest for the Orb.
     0 | D:1      | Reached XP level 1. HP: 18/18 MP: 1/1
    43 | D:1      | Reached skill level 3 in Axes
   120 | D:1      | Gained mutation: You regenerate a little health from kills. [demonic ancestry]
   120 | D:1      | Reached XP level 2. HP: 16/24 MP: 2/2
   505 | D:1      | Gained mutation: You are slightly more attuned to the shadows. [demonic ancestry]
   505 | D:1      | Reached XP level 3. HP: 29/29 MP: 3/3
   782 | D:2      | Noticed Jessica
   795 | D:2      | Killed Jessica
   795 | D:2      | Reached skill level 4 in Axes
  1690 | D:2      | Gained mutation: You are significantly more attuned to the shadows. [demonic ancestry]
  1690 | D:2      | Reached XP level 4. HP: 20/35 MP: 4/4
  2255 | D:2      | Found a runed door.
  2432 | D:3      | Noticed Robin
  2597 | D:3      | Killed Robin
  2597 | D:3      | Reached skill level 5 in Axes
  2785 | D:3      | Noticed Terence
  3094 | D:2      | Reached XP level 5. HP: 41/41 MP: 5/5
  3719 | D:2      | Killed Terence
  4271 | D:3      | Noticed Natasha
  4446 | D:3      | Found a white marble altar of Elyvilon.
  4446 | D:3      | Found a shadowy altar of Dithmenos.
  4625 | D:3      | Found a sacrificial altar of Ru.
  4783 | D:4      | Noticed Shinoi's ghost (novice DsNe)
  4833 | D:3      | Slain by Natasha

Vault maps used:
D:1:      minmay_arrival_glassed_features, wad_floor_pattern_2, minmay_vboxes
D:2:      serial_glass, glass_columns_a, glass_columns_a,
          uniq_crazy_yiuf_cottage, uniq_jessica
D:3:      gammafunk_temple_overflow_statue, lemuel_coloured_pillars_altar,
          uniq_natasha, uniq_terence, uniq_robin
D:4:      first_bread

Skill      XL: |  1  2  3  4 |
---------------+-------------+-----
Axes           | 3 4 5 |  5.9
Fighting       | |  3.0
Dodging        | |  2.6
Stealth        | |  1.7

Action                   |  1- 3 |  4- 6 || total
-------------------------+-------+-------++-------
Melee: Hand axe          |   105 |   271 ||   376
  Use: Scroll            |     3 |     3 ||     6
       Potion            |       |     2 ||     2
 Stab: Sleeping          |     4 |     7 ||    11
       Distracted        |       |     2 ||     2
  Eat: Chunk             |     2 |    11 ||    13
Armor: Robe              |    26 |    34 ||    60
       Skin              |       |    42 ||    42
Dodge: Dodged            |    79 |   142 ||   221
